 Dungeon Sprint DCSS version 0.31-a0-1439-g542172135e (webtiles) character file.

Game seed: 6468326832631466969

745 Conn the Arsonist (level 7, -20/46 HPs)
             Began as an Octopode Fire Elementalist on Dec 27, 2023.
             Was an Initiate of Sif Muna.
             Shot with a bolt by a yaktaur (37 damage)
             ... in the Dungeon (Sprint II: "The Violet Keep of Menkaure").
             The game lasted 00:09:06 (345 turns).

Conn the Arsonist (Octopode Fire Elementalist)       Turns: 345, Time: 00:09:07

Health: -20/46     AC:  1    Str:  7    XL:     7   Next: 76%
Magic:  5/18       EV: 15    Int: 25    God:    Sif Muna [......]
Gold:   152        SH:  0    Dex: 13    Spells: 11/21 levels left

rFire   . . .        e - +7 falchion of Cleverly Designed Duty {venom, rN+ Int+6}
rCold   . . .        (no shield)
rNeg    + . .        (helmet restricted)
rPois   .            (no amulet)
rElec   .            (no ring)
rCorr   .            (no ring)
SInv    .            (no ring)
Will    .....        (no ring)
Stlth   ++++         (no ring)
HPRegen 0.27/turn    (no ring)
MPRegen 0.16/turn    (no ring)
                     (no ring)

%: no teleportation
@: no status effects
A: almost no armour, amphibious, 8 rings, camouflage 1, gelatinous body 1,
(nimble swimmer 1), tentacles
a: Renounce Religion


You were in the Dungeon.
You worshipped Sif Muna.
Sif Muna was noncommittal.
You visited 1 branch You collected 738 gold pieces.
You spent 586 gold pieces at shops.

Inventory:

Hand Weapons
 e - the +7 falchion of Cleverly Designed Duty (weapon) {venom, rN+ Int+6}
   (You bought it in a shop in the Dungeon)

   Int+6:     It affects your intelligence (+6).
   rN+:       It protects you from negative energy.
Scrolls
 f - 2 scrolls of blinking
Potions
 a - 2 potions of magic
 b - a potion of curing
 c - a potion of heal wounds


   Skills:
 - Level 3.0 Fighting
 + Level 5.4 Dodging
 + Level 6.2 Stealth
 - Level 3.0 Unarmed Combat
 + Level 7.8 Spellcasting
 + Level 2.3 Conjurations
 + Level 2.6 Hexes
 + Level 11.6 Fire Magic


You had 11 spell levels left.
You knew the following spells:

 Your Spells              Type           Power      Damage    Failure   Level
a - Foxfire               Conj/Fire      100%       2x1d9     1%          1
b - Scorch                Fire           100%       2d9       1%          2
c - Inner Flame           Hex/Fire       45%        N/A       1%          3
d - Flame Wave            Conj/Fire      44%        2d11      3%          4

Your spell library contained the following spells:

 Spells                   Type           Power      Damage    Failure   Level
 Volatile Blastmotes      Fire/Tloc      78%        2d16      1%          3
 Magic Dart               Conj           84%        1d7       2%          1
 Blink                    Tloc           18%        N/A       10%         2
 Call Imp                 Summ           18%        N/A       10%         2


Dungeon Overview and Level Annotations

Branches:
Dungeon (1/1)

Altars:
Cheibriados
Dithmenos
Elyvilon
Fedhas
Gozag
Hepliaklqana
Kikubaaqudgha
Makhleb
Nemelex Xobeh
Okawaru
Qazlal
Ru
Sif Muna
Trog
Uskayaw
Vehumet
Wu Jian
Xom
Yredelemnul
Zin
The Shining One
Jiyva
Lugonu

Shops:
D !=:=:([:!=[*?!?

Annotations:
D exclusions: ice statue and oklob plant


Innate Abilities, Weirdness & Mutations

You cannot wear most types of armour.
You are amphibious.
You can wear up to eight rings at the same time.
Your skin changes colour to match your surroundings (Stealth+).
Your rubbery body absorbs attacks. (AC +1, EV +1)
((You are camouflaged when in or above water. (Stealth+)))
You have tentacles for arms and can constrict up to eight enemies at once.


Message History

Your butterfly dies!
Your butterfly disappears in a burst of colours!
There is an ornate altar of the Wu Jian Council here.
Unknown command.
Press < or > to pray at altars.
Unknown command.
Press < or > to pray at altars.
Casting: Scorch (safe; 1% risk of failure)
Confirm with . or Enter, or press ? or * to list all spells.
Flames lash the polar bear.
The polar bear is burned terribly!
The polar bear is heavily wounded.
Unknown command.
Press < or > to pray at altars.
Unknown command.
Press < or > to pray at altars.
Unknown command.
Press < or > to pray at altars.
Okay, then.
Unknown command.
Press < or > to pray at altars.
Unknown command.
Press < or > to pray at altars.
Unknown command.
Press < or > to pray at altars.
Okay, then.
Unknown command.
Press < or > to pray at altars.
Unknown command.
Press < or > to pray at altars.
Unknown command.
Press < or > to pray at altars.
Blink to where?
Press: ? - help, Dir - move target, p - yaktaur
As you read the scroll of blinking, it crumbles to dust.
The hornet is no longer more vulnerable to fire.
The hornet barely misses your butterfly.
The yaktaur wields a +0 arbalest.
The yaktaur shoots a bolt.
The bolt hits you!!!
Ouch! That really hurt!
You die...

B$#....###...##▓▓▓▓▓▓▓
.##......~~~~~~b~~~~~~
##~~.....~#h########+###
~~~~~~~..~#._.§b_..#~~§
~~§§~~§~.~#.hyhbb_.#~~§≈
~~≈§≈~§~~~#b_cbbb._#§§~~
~~~§§≈≈§~~#_.b.bb_.#§~l≈
#~≈≈≈≈≈≈§§#._bb._bb#l~~§
##≈≈≈###§§#_._bb@..#§~~§
.##§§# #§§#._bb....#~~≈≈
..+≈≈# #≈b#_._.b...#~≈≈≈
.##≈≈§≈≈§≈##########~§§§
## ######~~~~~~~~~≈§§§ #
##~########≈▓▓ ##~ ▓▓ .+


You could see 3 polar bears, a yaktaur (inner flame), a hornet (inner flame,
ally target) and 2 crocodiles.

Vanquished Creatures
  A merfolk siren (D)
  Menkaure (D)
  A crocodile (D)
  4 necrophages (D)
  A hell rat (D)
  3 worms (D)
11 creatures vanquished.

Vanquished Creatures (others)
  8 foxfires (D)
8 creatures vanquished.

Grand Total: 19 creatures vanquished

Notes
Turn   | Place    | Note
-------+----------+-------------------------------------------
     0 | D        | Conn the Octopode Fire Elementalist began the quest for the
                  | Orb.
     0 | D        | Reached XP level 1. HP: 11/11 MP: 3/3
     2 | D        | Noticed a boulder beetle
     2 | D        | Noticed a boulder beetle
     5 | D        | Noticed a necrophage
     5 | D        | Noticed a necrophage
     5 | D        | Noticed a necrophage
     5 | D        | Noticed a necrophage
     8 | D        | Killed a necrophage
     9 | D        | Reached skill level 5 in Fire Magic
     9 | D        | Reached XP level 2. HP: 20/20 MP: 4/6
     9 | D        | Reached XP level 3. HP: 25/25 MP: 4/7
     9 | D        | Reached XP level 4. HP: 30/30 MP: 4/8
    14 | D        | Killed a necrophage
    15 | D        | Reached skill level 6 in Fire Magic
    15 | D        | Reached XP level 5. HP: 36/36 MP: 4/11
    19 | D        | Reached skill level 7 in Fire Magic
    26 | D        | Reached skill level 5 in Stealth
    26 | D        | Reached skill level 5 in Spellcasting
    26 | D        | Reached skill level 8 in Fire Magic
    26 | D        | Reached XP level 6. HP: 36/42 MP: 5/13
    38 | D        | Learned a level 2 spell: Scorch
    42 | D        | Learned a level 3 spell: Inner Flame
    47 | D        | Learned a level 4 spell: Flame Wave
    97 | D        | Reached skill level 9 in Fire Magic
   112 | D        | Noticed a merfolk siren
   124 | D        | Killed a merfolk siren
   125 | D        | Reached skill level 5 in Dodging
   125 | D        | Reached skill level 11 in Fire Magic
   125 | D        | Reached XP level 7. HP: 42/46 MP: 0/17
   132 | D        | Found Xumydaess's Magic Scroll Shop.
   132 | D        | Found Reliyh's Distillery.
   132 | D        | Found Vuozeali's Assorted Antiques.
   132 | D        | Found Jallaeb's Jewellery Boutique.
   132 | D        | Found Kyojih's Antique Armour Boutique.
   132 | D        | Found Rachoh's Distillery.
   133 | D        | Found Uteih Balal's Book Shop.
   134 | D        | Found Xoutal's Antique Armour Shop.
   134 | D        | Found Fecav's Antique Weapon Boutique.
   135 | D        | Found Roaplytt's Magic Scroll Boutique.
   135 | D        | Noticed a polar bear
   135 | D        | Noticed a polar bear
   136 | D        | Found Icuebafe's Book Shop.
   136 | D        | Found Orpho's Jewellery Boutique.
   136 | D        | Noticed Menkaure
   136 | D        | Noticed an oklob plant
   136 | D        | Noticed a wyvern
   137 | D        | Noticed a wyvern
   142 | D        | Found Ferphiga's Jewellery Shop.
   142 | D        | Found Teoca's Distillery.
   142 | D        | Found Gassaf's Book Shoppe.
   151 | D        | Killed Menkaure
   157 | D        | Bought 2 scrolls of blinking for 210 gold pieces
   157 | D        | Bought a scroll of butterflies for 56 gold pieces
   165 | D        | Bought a glimmering falchion for 160 gold pieces
   165 | D        | Identified the +7 falchion of Cleverly Designed Duty
                  | {venom, rN+ Int+6} (You bought it in a shop in the Dungeon)
   169 | D        | Bought a book of Minor Magic for 160 gold pieces
   171 | D        | Noticed a death yak
   304 | D        | Noticed an ice statue
   319 | D        | Found a glowing silver altar of Zin.
   319 | D        | Found a radiant altar of Vehumet.
   320 | D        | Found a glowing golden altar of the Shining One.
   320 | D        | Found a basalt altar of Yredelemnul.
   320 | D        | Found a hide-covered altar of Uskayaw.
   321 | D        | Found a shimmering altar of Xom.
   321 | D        | Found a bloodstained altar of Trog.
   322 | D        | Found an ornate altar of the Wu Jian Council.
   322 | D        | Found a shimmering blue altar of Sif Muna.
   322 | D        | Found a corrupted altar of Lugonu.
   322 | D        | Found a burning altar of Makhleb.
   323 | D        | Found a sacrificial altar of Ru.
   323 | D        | Found an ancient bone altar of Kikubaaqudgha.
   323 | D        | Found a white marble altar of Elyvilon.
   323 | D        | Found a sparkling altar of Nemelex Xobeh.
   323 | D        | Found a blossoming altar of Fedhas.
   324 | D        | Found a stormy altar of Qazlal.
   324 | D        | Found a viscous altar of Jiyva.
   324 | D        | Found a shadowy altar of Dithmenos.
   325 | D        | Found a hazy altar of Hepliaklqana.
   325 | D        | Found a snail-covered altar of Cheibriados.
   326 | D        | Noticed a polar bear
   327 | D        | Noticed a hornet
   327 | D        | Noticed a polar bear
   327 | D        | Noticed a polar bear
   328 | D        | Found an opulent altar of Gozag.
   328 | D        | Found an iron altar of Okawaru.
   328 | D        | Noticed a yaktaur
   332 | D        | Became a worshipper of Sif Muna the Loreminder
   345 | D        | Shot with a bolt by a yaktaur

Illustrated notes

Levels and vault maps discovered:
D:        the_violet_keep_of_menkaure [sprint2_stairs_cluster_1,
          sprint2_shoproom, sprint2_temple, sprint2_basic_supplies,
          sprint2_obstacle_2, sprint2_obstacle_6, sprint2_obstacle_1,
          sprint2_obstacle_7, sprint2_obstacle_3, sprint2_timed_cluster_1,
          sprint2_smallroom_cluster_1, sprint2_smallroom_final_cluster_1,
          sprint2_transparent_cluster_1, sprint2_second_timed_cluster_1,
          sprint2_sniper_area_1, sprint2_heavy_combat_area_1,
          sprint2_mutation_trap_area_1, sprint2_forest_area_1,
          sprint2_light_combat_area_1, sprint2_behind_water_1,
          sprint2_near_end_vault_1]

Skill      XL: |  1  2  3  4  5  6 |
---------------+-------------------+-----
Fighting       | 2 3 |  3.0
Stealth        | 3 4 5 6 |  6.2
Unarmed Combat | 2 3 |  3.0
Spellcasting   | 3 4 5 7 |  7.8
Fire Magic     | 5 6 8 11 | 11.6
Dodging        | 3 4 5 |  5.4
Conjurations   | 2 |  2.3
Hexes          | 2 |  2.6

Action                     |  1- 3 |  4- 6 |  7- 9 || total
---------------------------+-------+-------+-------++-------
  Melee: Unarmed           |     2 |    16 |     2 ||    20
         Constrict         |     1 |     3 |     1 ||     5
         Tentacles         |     1 |     2 |       ||     3
         Punch             |       |     1 |       ||     1
   Cast: Scorch            |       |     7 |     9 ||    16
         Inner Flame       |       |     5 |     2 ||     7
         Foxfire           |       |       |     4 ||     4
    Use: Potion            |     2 |     1 |       ||     3
         Scroll            |       |       |     2 ||     2
 Armour: Skin              |       |     7 |     8 ||    15
  Dodge: Dodged            |       |     7 |    11 ||    18

Table legend: (Time is in decaauts)
 A = Elapsed time spent in this place.
 B = Non-inter-level travel time spent in this place.
 C = Inter-level travel time spent in this place.
 D = Time resting spent in this place.
 E = Time spent auto-exploring this place.
 F = Levels seen in this place.
 G = Mean time per level.
                   A        B        C        D        E       F      G
               +--------+--------+--------+--------+--------+-----+--------+
         Total |    332 |    332 |      0 |    124 |      0 |   1 |  332.0 |
       Dungeon |    332 |    332 |      0 |    124 |      0 |   1 |  332.0 |
               +--------+--------+--------+--------+--------+-----+--------+

Top non-repeatable levels by time:
       D: 332 daAuts
